 Dungeon Crawl Stone Soup version 0.30-a0-329-g85436e0a43 (webtiles) character file.

Game seed: 13904806207495857030

10 Twinkles the Gusty (level 2, 19/19 HPs)
             Began as a Human Wanderer on Dec 4, 2021.
             Got out of the dungeon alive.
             The game lasted 00:06:40 (748 turns).

Twinkles the Gusty (Human Wanderer)                  Turns: 748, Time: 00:06:40

Health: 19/19      AC:  2    Str: 11    XL:     2   Next: 30%
Magic:  6/6        EV: 11    Int: 15    God:
Gold:   25         SH:  0    Dex: 10    Spells: 6/7 levels left

rFire   . . .      SeeInvis .    a - +0 club
rCold   . . .      Faith    .    (no shield)
rNeg    . . .      Spirit   .    b - +0 robe
rPois   .          Reflect  .    (no helmet)
rElec   .          Harm     .    (no cloak)
rCorr   .          Rampage  .    (no gloves)
Will    .....                    (no boots)
Stlth   +.........               (no amulet)
HPRegen 0.23/turn                (no ring)
MPRegen 0.10/turn                (no ring)

@: no status effects
A: no striking features
a: no special abilities


You escaped.
You visited 1 branch of the dungeon, and saw 1 of its levels.

You collected 25 gold pieces.

Inventory:

Hand Weapons
 a - a +0 club (weapon)
Missiles
 c - 10 sling bullets
Armour
 b - a +0 robe (worn)
Scrolls
 d - a scroll of teleportation {unknown}
Potions
 J - a potion of curing


   Skills:
 + Level 1.2 Stealth
 - Level 1.0 Shields
 + Level 3.0 Spellcasting
 * Level 0.8 Conjurations
 - Level 2.0 Necromancy
 + Level 3.1 Air Magic
 + Level 0.4 Poison Magic


You had 6 spell levels left.
You knew the following spells:

 Your Spells              Type           Power      Damage    Failure   Level
a - Magic Dart            Conj           16%        1d3       14%         1

Your spell library contained the following spells:

 Spells                   Type           Power      Damage    Failure   Level
 Foxfire                  Conj/Fire      12%        2x1d4     17%         1
 Slow                     Hex            8%         N/A       21%         1
 Blink                    Tloc           4%         N/A       30%         2
 Call Imp                 Summ           2%         N/A       30%         2
 Mephitic Cloud           Conj/Pois/Air  6%         N/A       32%         3
 Inner Flame              Hex/Fire       2%         N/A       52%         3


Dungeon Overview and Level Annotations

Branches:
Dungeon (1/15) Zot: 5242

Altars:


Message History

Save game and exit?
Welcome back, Twinkles the Human Wanderer.
Press ? for a list of commands and other information.
You see here a bat corpse.
Things that are here:
a ball python skeleton; a ball python corpse You see here a +0 leather armour.
You open the door.
There is an open door here.
There is a staircase leading out of the dungeon here.
Casting: Magic Dart (safe; 14% risk of failure)
Confirm with . or Enter, or press ? or * to list all spells.
Okay, then.
Unknown command.
Okay, then.
Unknown command.
Are you sure you want to leave the Dungeon?
This will make you lose the game!
Alright, then stay!
Unknown command.
Save game and exit?
Welcome back, Twinkles the Human Wanderer.
Press ? for a list of commands and other information.
Save game and exit?
Welcome back, Twinkles the Human Wanderer.
Press ? for a list of commands and other information.
Unknown command.
Save game and exit?
Welcome back, Twinkles the Human Wanderer.
Press ? for a list of commands and other information.
Save game and exit?
Welcome back, Twinkles the Human Wanderer.
Press ? for a list of commands and other information.
Save game and exit?
Bad channel name for runrest: 'pray:' Welcome back, Twinkles the Human Wanderer.
Press ? for a list of commands and other information.
You are not religious.
There is a staircase leading out of the dungeon here.
Are you sure you want to leave the Dungeon?
This will make you lose the game!
You have escaped!

#. #.#.######## #.#
##.####.#.# #...####.#
....##.#.# #'#......#
#...##.#.# #.#####..#
#...##.#.# #.# #..#
#...##.#.# #.# #..# ##
#..##.#.# ##.## #..# .#
#.....#####...#####..
.####.###.'.....@.....+.##
.......#.###.........##..
.####..## ##.......## ..
.......# ##.....##
.####..# ##...## ## #..#
##.## .####..# ###
.......# .#####[# ##


There were no monsters in sight!

Vanquished Creatures
  2 endoplasms (D:1)
  A hobgoblin (D:1)
  A quokka (D:1)
  2 ball pythons (D:1)
  2 bats (D:1)
  A rat (D:1)
9 creatures vanquished.

Vanquished Creatures (others)
  4 demonic plants (D:1)
  4 fungi (D:1)
  3 plants (D:1)
  3 withered plants (D:1)
14 creatures vanquished.

Grand Total: 23 creatures vanquished

Notes
Turn   | Place    | Note
-------+----------+-------------------------------------------
     0 | D:1      | Twinkles the Human Wanderer began the quest for the Orb.
     0 | D:1      | Twinkles set off with the following items: a +0 club, a +0
                  | robe, a potion of curing; and the following spells
                  | available to memorise: Foxfire, Magic Dart, Slow, Blink,
                  | Call Imp, Mephitic Cloud, Conjure Flame, Inner Flame
     0 | D:1      | Reached XP level 1. HP: 13/13 MP: 4/4
     0 | D:1      | Upgraded the game from 0.28-a0-984-g3775c662fe to
                  | 0.28-a0-998-gb9e9c7b67e
    61 | D:1      | Learned a level 1 spell: Magic Dart
   405 | D:1      | Reached XP level 2. HP: 15/19 MP: 1/6
   574 | D:1      | Found a faded altar of an unknown god.
   702 | D:1      | Upgraded the game from 0.28-a0-998-gb9e9c7b67e to
                  | 0.28-a0-1033-g1a2f33fa85
   702 | D:1      | Upgraded the game from 0.28-a0-1033-g1a2f33fa85 to
                  | 0.28-a0-1236-gb25a51b929
   745 | D:1      | Upgraded the game from 0.28-a0-1236-gb25a51b929 to
                  | 0.28-a0-1312-g71652a0310
   745 | D:1      | Upgraded the game from 0.28-a0-1312-g71652a0310 to
                  | 0.28-a0-1510-gd0f6b136d3
   745 | D:1      | Upgraded the game from 0.28-a0-1510-gd0f6b136d3 to
                  | 0.29-a0-11-ga75d3d97ab
   745 | D:1      | Upgraded the game from 0.29-a0-11-ga75d3d97ab to
                  | 0.30-a0-329-g85436e0a43
   748 | D:$      | Got out of the dungeon alive.

Illustrated notes

Levels and vault maps discovered:
D:1:      mrwooster_arrival_arrow, layout_loops_ring,
          shapermc_ecumenical_altar_gd

Action                   || total
-------------------------++-------
Melee: Club              ||    31
 Cast: Magic Dart        ||    19
Armor: Robe              ||    16
Dodge: Dodged            ||    33

Table legend: (Time is in decaauts)
 A = Elapsed time spent in this place.
 B = Non-inter-level travel time spent in this place.
 C = Inter-level travel time spent in this place.
 D = Time resting spent in this place.
 E = Time spent auto-exploring this place.
 F = Levels seen in this place.
 G = Mean time per level.
                   A        B        C        D        E       F      G
               +--------+--------+--------+--------+--------+-----+--------+
         Total |    757 |    710 |     47 |     64 |    499 |   1 |  757.0 |
       Dungeon |    757 |    710 |     47 |     64 |    499 |   1 |  757.0 |
               +--------+--------+--------+--------+--------+-----+--------+

Top non-repeatable levels by time:
     D:1: 757 daAuts
